 Dungeon Crawl Stone Soup version 0.27-a0-1442-g87b6fcb595 (webtiles) character file.

Game seed: 12948171414979178459

182 HoaS the Ruffian (level 5, 0/41 HPs)
             Began as a Demigod Gladiator on July 4, 2021.
             Slain by a river rat (6 damage)
             ... in a sewer.
             The game lasted 00:06:06 (3445 turns).

HoaS the Ruffian (Demigod Gladiator)                Turns: 3445, Time: 00:06:06

Health: 0/41       AC:  9    Str: 19    XL:     5   Next: 12%
Magic:  7/7        EV:  5    Int: 10    God:
Gold:   144        SH:  0    Dex: 15    Spells: 4/4 levels left

rFire    . . .     SeeInvis .     - Unarmed
rCold    . . .     Faith    .   (no shield)
rNeg     . . .     Spirit   .   h - +0 chain mail
rPois    .         Reflect  .   b - +0 helmet
rElec    .         Harm     .   (no cloak)
rCorr    .         Rampage  .   (no gloves)
Will     .....                  (no boots)
Stlth    ..........             (no amulet)
HPRegen  0.13/turn              (no ring)
MPRegen  0.10/turn              (no ring)

@: constricted, very slow
A: high mp 1, forlorn
a: no special abilities


You were in a sewer.
You visited 1 branch of the dungeon, and saw 3 of its levels.
You also visited: Sewer.

You collected 144 gold pieces.

Inventory:

Missiles
 c - a throwing net (quivered)
Armour
 b - a +0 helmet (worn)
 h - a +0 chain mail (worn)
Potions
 a - a potion of attraction
 d - a potion of mutation
 e - a potion of curing {unknown}


   Skills:
 - Level 1.7 Fighting
 - Level 1.7 Throwing
 - Level 2.6 Dodging
 + Level 5.6 Unarmed Combat


You had 4 spell levels left.
You didn't know any spells.
Your spell library contained the following spells:

 Spells                   Type           Power      Damage    Failure   Level
 Apportation              Tloc           0%         N/A       99%         1
 Corona                   Hex            0%         N/A       99%         1
 Ensorcelled Hibernation  Hex/Ice        0%         N/A       100%        2
 Tukima's Dance           Hex            0%         N/A       100%        3
 Alistair's Intoxication  Tmut/Pois      0%         N/A       100%        5
 Invisibility             Hex            0%         N/A       100%        6


Dungeon Overview and Level Annotations

Branches:
Dungeon (3/15)              Sewer (1/1)


Innate Abilities, Weirdness & Mutations

Your attributes grow dramatically as you level up.
You have an increased reservoir of magic. (+10% MP)
You shall have no god before yourself.


Message History

The ball python constricts you. The rat bites you but does no damage.
The river rat bites you.
* * * LOW HITPOINT WARNING * * *
Your unstable footing causes you to fumble your attack.
The rat bites you but does no damage. The ball python barely misses you.
* * * LOW HITPOINT WARNING * * *
The ball python constricts you. The rat bites you but does no damage.
You hit the river rat but do no damage.
The river rat is heavily wounded.
The river rat bites you.
* * * LOW HITPOINT WARNING * * *
The ball python bites you but does no damage.
* * * LOW HITPOINT WARNING * * *
The ball python constricts you. The rat bites you but does no damage.
You hit the river rat.
The river rat is severely wounded.
The rat closely misses you. The river rat barely misses you.
The ball python bites you but does no damage.
The ball python constricts you.
The rat splashes around in the water.
You hit the river rat but do no damage.
The river rat is severely wounded.
The rat bites you but does no damage.
The river rat bites you but does no damage.
The ball python bites you but does no damage.
The ball python constricts you.
The rat twitches its whiskers.
The rat splashes around in the water.
You hit the river rat but do no damage.
The river rat is severely wounded.
The ball python barely misses you. The ball python constricts you.
The rat bites you but does no damage.
The river rat bites you but does no damage.
The rat bites you but does no damage.
You closely miss the river rat. Your punch misses the river rat.
The river rat is severely wounded.
The ball python bites you but does no damage.
* * * LOW HITPOINT WARNING * * *
The ball python constricts you. The rat barely misses you.
The river rat bites you.
You die...

. S.. ###################
.....#≈≈≈≈≈#≈≈≈≈≈≈≈≈≈..###
#....≈≈≈≈≈≈†.≈≈≈≈≈≈≈≈≈...##
#....≈≈≈≈≈†.[.≈≈≈≈≈≈≈.....##
#....≈≈≈≈≈†rr.≈≈≈≈≈≈≈≈.....#
##..S.≈≈≈≈≈rrr≈≈≈≈≈≈≈≈.....#
###.#≈≈≈≈≈S@≈≈≈≈≈≈≈≈#.....#
####################....#
####...## #..#....#
#..'....# #####...# ##...##
####################....#
###.#≈≈≈≈≈≈.÷≈≈≈≈≈≈≈#.....#


You could see a river rat, a ball python and 4 rats.

Vanquished Creatures
  Natasha (D:3)
  4 adders
  5 river rats (Sewer)
  3 worms
  A dart slug (D:1)
  14 ball pythons
  5 endoplasms
  3 giant cockroaches
  3 goblins
  3 hobgoblins
  3 jackals (D:1)
  A quokka (D:3)
  4 bats
  4 kobolds
  20 rats
74 creatures vanquished.

Notes
Turn   | Place    | Note
-------+----------+-------------------------------------------
     0 | D:1      | HoaS the Demigod Gladiator began the quest for the Orb.
     0 | D:1      | Reached XP level 1. HP: 17/17 MP: 3/3
   213 | D:1      | Reached skill level 3 in Unarmed Combat
   353 | D:1      | Reached XP level 2. HP: 19/24 MP: 4/4
  1222 | D:2      | Reached XP level 3. HP: 26/29 MP: 5/5
  1251 | D:2      | Reached skill level 4 in Unarmed Combat
  2299 | D:3      | Found a glowing drain.
  2322 | D:3      | Noticed Natasha
  2343 | D:3      | Killed Natasha
  2344 | D:3      | Reached XP level 4. HP: 11/36 MP: 6/6
  2353 | Sewer    | Entered a sewer
  2719 | Sewer    | Reached skill level 5 in Unarmed Combat
  3407 | Sewer    | Reached XP level 5. HP: 12/41 MP: 7/7
  3429 | Sewer    | HP: 2/41 [river rat (7)]
  3445 | Sewer    | Slain by a river rat

Illustrated notes

Levels and vault maps discovered:
D:1:      psy_arrival_conway, layout_loops_cross, ebering_ecumenical_altar_webs
D:2:      layout_loops_corners
D:3:      layout_loops_corners, cheibrodos_sewer_entry_drain,
          grunt_ministairs_7, hangedman_decor_clover_reticule, uniq_natasha
Sewer:    sewer_minmay_w

Skill      XL: |  1  2  3  4 |
---------------+-------------+-----
Unarmed Combat | 3 4 5 |  5.6
Fighting       | |  1.7
Throwing       | |  1.7
Dodging        | |  2.6

Action                   |  1- 3 |  4- 6 || total
-------------------------+-------+-------++-------
Melee: Unarmed           |   175 |   140 ||   315
       Punch             |     3 |     2 ||     5
Throw: Throwing net      |       |     2 ||     2
  Use: Scroll            |     5 |     1 ||     6
       Potion            |       |     3 ||     3
Armor: Leather armour    |     8 |       ||     8
       Ring mail         |    17 |       ||    17
       Chain mail        |    25 |   200 ||   225
Dodge: Dodged            |    98 |   100 ||   198

Table legend: (Time is in decaauts)
 A = Elapsed time spent in this place.
 B = Non-inter-level travel time spent in this place.
 C = Inter-level travel time spent in this place.
 D = Time resting spent in this place.
 E = Time spent auto-exploring this place.
 F = Levels seen in this place.
 G = Mean time per level.
                   A        B        C        D        E       F      G
               +--------+--------+--------+--------+--------+-----+--------+
         Total |   3486 |   3382 |    104 |   1373 |   1397 |   4 |  871.5 |
       Dungeon |   2351 |   2247 |    104 |    625 |   1270 |   3 |  783.7 |
         Sewer |   1135 |   1135 |      0 |    748 |    127 |   1 | 1135.0 |
               +--------+--------+--------+--------+--------+-----+--------+

Top non-repeatable levels by time:
     D:1: 1162 daAuts
   Sewer: 1135 daAuts
     D:2: 1095 daAuts
     D:3: 93 daAuts
